[Event "Early-Titled-Tuesday-Blitz-June-18-2024"]
[Site "Chess.com"]
[Date "2024.06.18"]
[Round "3"]
[White "Cmorales2001"]
[Black "GeorgiosSouleidis"]
[Result "0-1"]
[WhiteElo "2329"]
[BlackElo "2701"]
[TimeControl "180+1"]
[EndTime "8:30:13 PDT"]
[Termination "GeorgiosSouleidis won on time"]

1. c4 e5 2. Nc3 Nf6 3. g3 Nc6 4.
Bg2 Bc5 5. Nf3 a6 6. O-O d6 7. e3 O-O 8. d4 Ba7 9. h3 Re8 10. b3 h6 11. Bb2 exd4 12. Nxd4 Nxd4 13. exd4 c6 14. Qd2 Bf5 15. Rfe1 Qd7 16. Kh2 Rad8 17.
b4 d5 18. c5 Bb8 19. Kg1 Bxh3 20. a4 Bxg2 21. Kxg2 Rxe1 22. Rxe1 Re8 23. Rxe8+ Qxe8 24. Qd3 Bc7 25. b5 axb5 26. axb5 Ba5 27. bxc6 Bxc3 28. Bxc3 bxc6 29. f3 Qe6 30. Bd2 Nd7 31. Bf4 Nf8 32. Bd6 Ng6 33. Qa6 Qd7 34. Qa8+ Kh7 35. Qa6 Qe8 36.
Kf2 f6 37. Qd3 Kg8 38. Qf5 Nh8 39. Qd3 Nf7 40. Bf4 Qa8 41. g4 Qe8 42. Qf5 Nh8 43. Bd6 Ng6 44. Qc2 Kf7 45. Qf5 Qe6 46. Qc2 Qc8 47. Qa4 Qb7 48. Qc2 Qb5 49. Qf5 Qb7 50. Qc2 Qd7 51. Qd3 Nh8 0-1

[Event "Early-Titled-Tuesday-Blitz-June-18-2024"]
[Site "Chess.com"]
[Date "2024.06.18"]
[Round "3"]
[White "H3nriqueTV"]
[Black "bocah_sakit"]
[Result "1/2-1/2"]
[WhiteElo "2375"]
[BlackElo "2606"]
[TimeControl "180+1"]
[EndTime "8:30:15 PDT"]
[Termination "Game drawn by repetition"]

1. e4 e5 2. Nf3 Nc6 3. Bb5 Nf6 4. O-O Nxe4 5. Re1 Nd6 6. Nxe5 Be7 7. Ba4 Nxe5 8.
Rxe5 O-O 9. Bb3 Bf6 10. Re1 Nf5 11. c3 d5 12. d4 c6 13. Bf4 Bg5 14. Qf3 Bxf4 15.
Qxf4 Nd6 16. Nd2 Bf5 17. Re5 Bg6 18. Rae1 Re8 19. h4 Rxe5 20. dxe5 Ne4 21. h5 Bxh5 22. Nxe4 dxe4 23. e6 fxe6 24. Bxe6+ Kh8 25. Rxe4 Bg6 26.
Re1 Qe7 27. Re3 Rf8 28. Qg3 Qd8 29. Bg4 Qd2 30. Re2 Qc1+ 31. Kh2 a5 32. Qd6 Rg8 33. Be6 Qh6+ 34. Kg1 Bh5 35. Re3 Bg4 36. Qe7 Bxe6 37. Rxe6 Qc1+ 38. Kh2 Qf4+ 39. Kg1 Qc1+ 40. Kh2 Qxb2 41.
Qf7 h6 42. Re8 Rxe8 43. Qxe8+ Kh7 44. Qe4+ Kg8 45. Qe8+ Kh7 46. Qe4+ g6 47. Qe7+ Kg8 48. Qe8+ Kg7 49. Qe7+ Kg8 50. Qe8+ Kg7 51. Qe7+ Kg8 1/2-1/2

[Event "Early-Titled-Tuesday-Blitz-June-18-2024"]
[Site "Chess.com"]
[Date "2024.06.18"]
[Round "3"]
[White "Aryan_Tamadon"]
[Black "Zohid6"]
[Result "1-0"]
[WhiteElo "2691"]
[BlackElo "2974"]
[TimeControl "180+1"]
[EndTime "8:30:16 PDT"]
[Termination "Aryan_Tamadon won by resignation"]

1. b3 e5 2. Bb2 Nc6 3. e3 d5 4. a3 Bd6 5. b4 Nf6 6. b5 Na5 7.
Nf3 e4 8. Nd4 O-O 9. Be2 Nd7 10.
f4 exf3 11. Nxf3 Nb6 12. O-O c5 13. Bc3 Na4 14. Qe1 Nc4 15. Qf2 Qe7 16. Re1 Bf5 17.
Bxc4 dxc4 18. e4 Be6 19. Be5 Bxe5 20. Nxe5 Qe8 21. Nc3 Nxc3 22. dxc3 Qxb5 23. Rab1 Qa5 24. Re3 b6 25. Rg3 Kh8 26. Qf4 Qa4 27. Rc1 Rad8 28. Qg5 Rg8 29. Qe3 Qe8 30. h4 f6 31. Nf3 Qh5 32. Qf4 Bf7 33. Re1 Bg6 34. e5 Qf5 35. Qc1 Qxc2 36. Qf4 Qf5 37. Qc1 Rge8 38.
exf6 Qxf6 39. Rf1 Bd3 40. Rf2 Re2 41. Rxe2 Bxe2 42. Qe3 Bd3 43. Ng5 Rf8 44. Rf3 Qd6 45.
Nf7+ Rxf7 46. Qe8+ 1-0

[Event "Early-Titled-Tuesday-Blitz-June-18-2024"]
[Site "Chess.com"]
[Date "2024.06.18"]
[Round "3"]
[White "Flawless_Fighter"]
[Black "BM223344"]
[Result "1-0"]
[WhiteElo "2802"]
[BlackElo "2591"]
[TimeControl "180+1"]
[EndTime "8:30:16 PDT"]
[Termination "Flawless_Fighter won by checkmate"]

1. d4 Nf6 2. Nf3 g6 3. g3 Bg7 4. Bg2 d5 5. O-O O-O 6. c4 c6 7.
cxd5 cxd5 8. Nc3 Nc6 9. Ne5 Bf5 10. Nxc6 bxc6 11. Bf4 Rc8 12. Rc1 Re8 13. b3 Qa5 14. Na4 Nd7 15. h3 e5 16. dxe5 Nxe5 17. Qd2 Qxd2 18. Bxd2 Nd7 19. e3 Be4 20. Bxe4 Rxe4 21. Rc2 Bf8 22. Rfc1 Re6 23. Bc3 Ba3 24. Rd1 Rce8 25.
Ba1 f5 26. Kg2 Kf7 27. Bd4 a6 28. h4 h6 29. Bc5 Nxc5 30. Nxc5 Bxc5 31. Rxc5 Ke7 32.
Rd4 Ra8 33. Ra5 Kd7 34. Rda4 Re4 35. b4 Kc7 36. a3 Rc4 37. Rc5 Rxc5 38. bxc5 a5 39.
Kf3 Kb7 40. Rf4 Ka6 41. h5 gxh5 42. a4 Rf8 43. Rh4 f4 44. gxf4 Rf5 45. Rh1 Kb7 46. Rb1+ Kc7 47. Kg3 Rf6 48. Rh1 Rg6+ 49. Kf3 Kb7 50.
Rxh5 Rg1 51. Rxh6 Rc1 52. Rh7+ Kc8 53. f5 Rxc5 54. Kf4 Kd8 55. Ke5 d4+ 56. Ke6 d3 57.
Rd7+ Kc8 58. Rxd3 Rc4 59. f6 Re4+ 60. Kd6 Kb7 61. f7 Rxa4 62. f8=Q Rc4 63. Rb3+ Ka6 64.
Qa8# 1-0

[Event "Early-Titled-Tuesday-Blitz-June-18-2024"]
[Site "Chess.com"]
[Date "2024.06.18"]
[Round "3"]
[White "Ati1517"]
[Black "AGW2016"]
[Result "0-1"]
[WhiteElo "2017"]
[BlackElo "2547"]
[TimeControl "180+1"]
[EndTime "8:30:16 PDT"]
[Termination "AGW2016 won by resignation"]

1. e4 e5 2. Nf3 Nc6 3. Bc4 Bc5 4. c3 Nf6 5. d3 d6 6. h3 a6 7. Bb3 h6 8. Nbd2 Ba7 9. Nf1 Qe7 10. Ng3 Bd7 11.
Be3 Bxe3 12. fxe3 O-O-O 13. Qd2 Kb8 14. O-O-O Be6 15. Bxe6 Qxe6 16. b3 d5 17. exd5 Nxd5 18. e4 Nf4 19. d4 Qe7 20. Nxe5 Nxe5 21. Qxf4 Ng6 22. Qe3 Qa3+ 23. Kb1 Rhe8 24. e5 Ne7 25. c4 Nc6 26. Rhe1 a5 27. Qc3 a4 28. d5 axb3 29. dxc6 bxa2+ 30. Kc2 Rxd1 31. Qxa3 Rxe1 32. Qxa2 R8xe5 33. Qa3 bxc6 34. Qf8+ Kb7 35. Qxg7 R1e3 36. Nf1 Re2+ 37. Nd2 Re6 38. Qxf7 Rd6 39. Qf4 Rxg2 40. Kc3 Rgxd2 41. h4 h5 42. Qg5 R6d3+ 43. Kb4 Rb2+ 44. Kc5 Ra2 45. Kb4 Rdd2 46. Kc3 Rac2+ 47. Kb3 Rb2+ 48. Kc3 Rbc2+ 49. Kb3 Rb2+ 50. Kc3 Rdc2+ 51. Kd3 Rh2 52. Qxh5 Kb6 53. Qe5 Rb3+ 54. Ke4 Rxh4+ 0-1

[Event "Early-Titled-Tuesday-Blitz-June-18-2024"]
[Site "Chess.com"]
[Date "2024.06.18"]
[Round "3"]
[White "Chempiblinka"]
[Black "PattyCastillo"]
[Result "1-0"]
[WhiteElo "2359"]
[BlackElo "1899"]
[TimeControl "180+1"]
[EndTime "8:30:18 PDT"]
[Termination "Chempiblinka won by checkmate"]

1. Nf3 d5 2. g3 Nf6 3. Bg2 c6 4. O-O e6 5. c4 Nbd7 6. d4 Be7 7. Qc2 O-O 8. Nbd2 b6 9. e4 dxe4 10. Nxe4 Bb7 11. Bf4 Nxe4 12. Qxe4 Qc8 13. Qe2 Bf6 14.
Rad1 Rd8 15. b3 c5 16. d5 exd5 17. Ng5 Bd4 18. Qh5 Nf6 19. Qxf7+ Kh8 20. Ne6 Rg8 21.
Bg5 Qe8 22. Qxb7 Qxe6 23. Bxf6 Bxf6 24. Bxd5 Qc8 25. Qxc8 Raxc8 26. Bxg8 Kxg8 27. Rd7 a5 28. Rfd1 Bd4 29. Re1 Rf8 30. Re2 h6 31. Kg2 Rf6 32.
f4 Bc3 33. Re8+ Kh7 34. Ree7 Rg6 35. Kf3 h5 36. h3 Bf6 37. Rf7 Bd4 38. g4 hxg4+ 39.
hxg4 Re6 40. g5 Re3+ 41. Kg4 Re2 42. Kf5 Rxa2 43. Rd8 Rf2 44. g6+ Kh6 45. Rh8# 1-0

[Event "Early-Titled-Tuesday-Blitz-June-18-2024"]
[Site "Chess.com"]
[Date "2024.06.18"]
[Round "3"]
[White "Philosopherrr"]
[Black "Caroexpert"]
[Result "0-1"]
[WhiteElo "2457"]
[BlackElo "2655"]
[TimeControl "180+1"]
[EndTime "8:30:19 PDT"]
[Termination "Caroexpert won by resignation"]

1. e4 c6 2. Nf3 d5 3. d3 Bg4 4.
Nbd2 e6 5. Be2 Bd6 6. c3 Nd7 7. d4 dxe4 8. Nxe4 Ndf6 9. Nxd6+ Qxd6 10. h3 Bxf3 11. Bxf3 Ne7 12. O-O O-O 13. Qb3 Rab8 14. Re1 b5 15. g3 Ned5 16. Bd2 a5 17. Qc2 c5 18. dxc5 Qxc5 19. h4 Rfc8 20. Rad1 b4 21.
Re5 Qc7 22. Rxd5 exd5 23. Bf4 Qc5 24. Bxb8 Rxb8 25. Qb3 Ne4 26. Rd4 a4 27. Qxd5 Qxd5 28. Rxd5 bxc3 29. Bxe4 cxb2 30. Kg2 g6 31. Bb1 Rc8 32.
Rb5 a3 33. Rb3 Rc1 34. Rxa3 Rxb1 35. Rb3 Kf8 36. g4 Ke7 37. g5 Kd6 38. Kf3 Kc5 39.
a4 Kc4 40. Rb7 Kc3 41. Rc7+ Kb3 42. Rb7+ Ka2 43. a5 Rc1 44. a6 b1=Q 45. Rxb1 Kxb1 46. a7 Rc8 47. h5 Ra8 48. hxg6 hxg6 49. Ke4 Rxa7 50.
Ke5 Ra5+ 51. Kf6 Rf5+ 52. Kg7 Rxf2 0-1

[Event "Early-Titled-Tuesday-Blitz-June-18-2024"]
[Site "Chess.com"]
[Date "2024.06.18"]
[Round "3"]
[White "nitpicker"]
[Black "Nf3c5"]
[Result "0-1"]
[WhiteElo "2321"]
[BlackElo "2606"]
[TimeControl "180+1"]
[EndTime "8:30:20 PDT"]
[Termination "Nf3c5 won on time"]

1. d4 Nf6 2. c4 g6 3. Nc3 Bg7 4.
e4 d6 5. Be2 O-O 6. Nf3 Na6 7. Be3 e5 8. d5 Ng4 9. Bg5 f6 10. Bh4 Nh6 11. Nd2 g5 12. Bg3 f5 13.
exf5 Nxf5 14. Nde4 h6 15. O-O Nd4 16. Bg4 Bf5 17. Bxf5 Nxf5 18. a3 Qe8 19. b4 Qg6 20. Rc1 h5 21. h3 Bh6 22. Rc2 Nd4 23. Rb2 g4 24. h4 Rf7 25. c5 Raf8 26. Re1 Nb8 27. a4 Nd7 28. Nb5 Nxb5 29. axb5 Nf6 30. Qd3 Nxe4 31. Qxe4 Qxe4 32. Rxe4 Bf4 33. Bxf4 Rxf4 34.
Rxf4 Rxf4 35. cxd6 cxd6 36. Rc2 Rxb4 37. Rc8+ Kf7 38.
Rc7+ Kf6 39. Rxb7 e4 40. Rxa7 Rxb5 41. Rh7 Rxd5 42. Kf1 Kg6 43. Re7 Rd4 44. Ke2 d5 45. Ke3 Rd3+ 46. Kf4 Kf6 47. Rh7 Rd2 48. Rh6+ Kg7 49. Rd6 Rxf2+ 50. Kg3 Rd2 51. Kf4 Kf7 52. Rh6 Rxg2 53. Rxh5 Rd2 54. Rf5+ Ke6 55. Re5+ Kd6 56. Rg5 Rf2+ 57. Ke3 Rf3+ 58. Ke2 g3 59. h5 d4 60. h6 Rf2+ 61. Ke1 Rh2 62. Rxg3 Rxh6 0-1

[Event "Early-Titled-Tuesday-Blitz-June-18-2024"]
[Site "Chess.com"]
[Date "2024.06.18"]
[Round "3"]
[White "David_ATM"]
[Black "Seppppppy"]
[Result "1-0"]
[WhiteElo "2422"]
[BlackElo "2189"]
[TimeControl "180+1"]
[EndTime "8:30:20 PDT"]
[Termination "David_ATM won on time"]

1. e4 e5 2. Nf3 Nc6 3. Bb5 a6 4. Ba4 Bc5 5. O-O Nge7 6. c3 Ng6 7. d4 Ba7 8. Bxc6 dxc6 9. Nxe5 Nxe5 10. dxe5 Qe7 11.
Bf4 g5 12. Be3 Bxe3 13. fxe3 Qxe5 14. Qd4 Qxd4 15. exd4 Be6 16. Nd2 O-O-O 17. Nf3 h6 18. Ne5 Rhf8 19. Rf6 h5 20. a3 Rde8 21. Raf1 c5 22. dxc5 Bb3 23. Nxf7 Bxf7 24. Rxf7 Rxf7 25. Rxf7 Rxe4 26. Rf5 Re2 27. c6 bxc6 28. Rxg5 Rxb2 29. Rxh5 Kb7 30. a4 Rc2 31. Rc5 Kb6 32. Rc4 c5 33. h4 Kc6 34. h5 Kd5 35. h6 Re2 36. h7 Re8 37. Rh4 Rh8 38. g4 Ke4 39. Kg2 Kf4 40.
Kh3 Kg5 41. Rh5+ Kg6 42. Kh4 c6 43. g5 Kf5 44. Rh6 c4 45. Kh5 c5 46. g6 Kf6 47.
Kg4 Kg7 48. Kg5 a5 49. Rh4 Re8 50. h8=Q+ Rxh8 51. Rxh8 Kxh8 52. Kf6 Kg8 53. g7 1-0

[Event "Early-Titled-Tuesday-Blitz-June-18-2024"]
[Site "Chess.com"]
[Date "2024.06.18"]
[Round "3"]
[White "HamedWafa4"]
[Black "ViIIagra"]
[Result "0-1"]
[WhiteElo "2684"]
[BlackElo "2900"]
[TimeControl "180+1"]
[EndTime "8:30:22 PDT"]
[Termination "ViIIagra won on time"]

1. e4 d6 2. d4 Nf6 3. Nc3 e5 4. dxe5 dxe5 5. Qxd8+ Kxd8 6. Nf3 Bd6 7. Bc4 Ke7 8. Bg5 c6 9. O-O-O Bc7 10. a4 a6 11.
Nh4 h6 12. Be3 b6 13. Nf5+ Bxf5 14. exf5 Nbd7 15. f3 b5 16. Bb3 Rad8 17. g4 Bb6 18.
Bxb6 Nxb6 19. Rxd8 Rxd8 20. Re1 Nbd7 21. h3 Kf8 22. Rd1 Ke7 23. Re1 Kf8 24. Rd1 b4 25. Na2 a5 26. c3 Rb8 27. cxb4 axb4 28. Kc2 Ke7 29. Bc4 Ne8 30. Bxf7 Nd6 31. Bb3 c5 32. Be6 b3+ 33. Bxb3 c4 34. Bxc4 Nxc4 35. Rb1 Nc5 36. Nc3 Rd8 37. Ne4 Nxa4 38. Ra1 Nab6 39. Ra7+ Rd7 40.
Ra6 Ne3+ 41. Kc3 Ned5+ 42. Kb3 Rb7 43. Nc5 Rb8 44. Ra7+ Kd6 45. Ne4+ Kc6 46. Kc2 Rb7 47. Ra1 Rc7 48. Kb3 Kd7 0-1

[Event "Early-Titled-Tuesday-Blitz-June-18-2024"]
[Site "Chess.com"]
[Date "2024.06.18"]
[Round "3"]
[White "SuperPower2011"]
[Black "IngOscarArdila"]
[Result "1-0"]
[WhiteElo "2710"]
[BlackElo "2417"]
[TimeControl "180+1"]
[EndTime "8:30:23 PDT"]
[Termination "SuperPower2011 won by checkmate"]

1. e4 e5 2. Nf3 Nf6 3. Nc3 Nc6 4. Bb5 Bb4 5. O-O O-O 6. d3 d6 7. Bg5 Bxc3 8. bxc3 Qe7 9. Re1 Nd8 10. d4 Ne6 11. Bh4 Rd8 12. Qc1 Nf4 13. Bf1 Bg4 14. Nd2 h6 15. f3 Bd7 16. Nc4 g5 17. Bf2 c5 18. Rd1 b5 19. Ne3 a6 20. g3 Ng6 21. a4 c4 22. Qa3 Be6 23. Bg2 h5 24.
Rdb1 h4 25. Qc1 h3 26. Bf1 Bd7 27. Nf5 Qf8 28. Qxg5 Nh7 29. Qh5 bxa4 30. Bxc4 Bxf5 31. exf5 Ne7 32. Qxh3 d5 33. Bd3 Nc6 34. dxe5 Nxe5 35.
f4 Nxd3 36. cxd3 Qg7 37. Bd4 f6 38. Rxa4 Rdb8 39. Rba1 Rb2 40. Qh5 Qe7 41. Qf3 Re8 42. Qxd5+ Kh8 43. Qf3 Qe2 44. Qxe2 Rexe2 45. Rxa6 Rg2+ 46. Kf1 Rxh2 47. Ra8+ Nf8 48. Rxf8+ Kg7 49. Rfa8 Rh1+ 50. Bg1 Rh3 51. R1a7+ Kh6 52. Rh8# 1-0

[Event "Early-Titled-Tuesday-Blitz-June-18-2024"]
[Site "Chess.com"]
[Date "2024.06.18"]
[Round "3"]
[White "Witik"]
[Black "rollercoaster29"]
[Result "1-0"]
[WhiteElo "2821"]
[BlackElo "2509"]
[TimeControl "180+1"]
[EndTime "8:30:23 PDT"]
[Termination "Witik won by resignation"]

1. e4 c5 2. Nf3 d6 3. Bb5+ Bd7 4.
Bxd7+ Nxd7 5. c4 Ngf6 6. Nc3 g6 7. d4 cxd4 8. Nxd4 Bg7 9. O-O O-O 10. Nc2 Rc8 11. Qe2 a6 12. Bd2 Ne5 13. b3 Nc6 14.
Rac1 e6 15. Rfd1 Qe7 16. h3 Rfd8 17. Bf4 Nh5 18. Bd2 d5 19. Na4 d4 20. Ne1 f5 21.
Nd3 fxe4 22. Qxe4 Nf6 23. Qe2 Rf8 24. Bg5 Qf7 25. Nac5 Rce8 26. Bxf6 Bxf6 27. Re1 e5 28. Ne4 Bg7 29. b4 Qe7 30. a3 Nd8 31. c5 Nf7 32. a4 Bh6 33. Rc2 Qe6 34. b5 axb5 35. axb5 Rc8 36. h4 Qe7 37. g3 Kh8 38. Rb1 Rfd8 39.
Qg4 Rc7 40. h5 gxh5 41. Qxh5 Qe6 42. Re2 Rg8 43. Rbe1 Qg6 44. Qxg6 Rxg6 45. Nb4 Ng5 46. Nd3 Nxe4 47. Rxe4 Bg7 48. Nxe5 Re7 49. Nxg6+ 1-0

[Event "Early-Titled-Tuesday-Blitz-June-18-2024"]
[Site "Chess.com"]
[Date "2024.06.18"]
[Round "3"]
[White "jk13"]
[Black "AustinThomas12345"]
[Result "1-0"]
[WhiteElo "2691"]
[BlackElo "2483"]
[TimeControl "180+1"]
[EndTime "8:30:23 PDT"]
[Termination "jk13 won on time"]

1. e4 c5 2. c3 g6 3. d4 d5 4. exd5 Qxd5 5. Nf3 Bg7 6. Na3 cxd4 7. Bc4 Qe4+ 8. Be3 Nh6 9. Nb5 O-O 10. Nbxd4 Ng4 11. Qe2 Nxe3 12. fxe3 Nc6 13. O-O Ne5 14. Nxe5 Bxe5 15.
h3 b5 16. Bd3 Qd5 17. Bxb5 Bb7 18. Rad1 Bc7 19. Nf5 Qe5 20. Nh6+ Kg7 21. Ng4 Qg3 22. Qf2 h5 23. Qxg3 Bxg3 24. Nf2 Rfd8 25. Be2 Bd5 26. Bf3 Bxf3 27. gxf3 Rab8 28. b3 h4 29. Ne4 Be5 30. c4 Rbc8 31. Kf2 f5 32.
Ng5 Bg3+ 33. Ke2 Kf6 34. f4 e5 35. Nh7+ Kg7 36. Ng5 Kf6 37. Rxd8 Rxd8 38. Nh7+ Kg7 39. Ng5 Kf6 40. b4 exf4 41. exf4 Bxf4 42. Rxf4 Kxg5 43. Rf3 Rd4 44. Rc3 f4 45. b5 Kf5 46. c5 Rd7 47.
c6 Rc7 48. a4 g5 49. a5 g4 50. hxg4+ Kxg4 51. b6 axb6 52. axb6 Re7+ 53. Kf2 h3 54. c7 h2 55. c8=Q+ 1-0

[Event "Early-Titled-Tuesday-Blitz-June-18-2024"]
[Site "Chess.com"]
[Date "2024.06.18"]
[Round "3"]
[White "Dolphin_2010"]
[Black "LastGladiator1"]
[Result "0-1"]
[WhiteElo "2740"]
[BlackElo "2976"]
[TimeControl "180+1"]
[EndTime "8:30:24 PDT"]
[Termination "LastGladiator1 won by checkmate"]

1. d4 Nf6 2. Bg5 d5 3. Bxf6 gxf6 4. e3 c5 5. Nf3 Nc6 6. dxc5 e5 7. c3 Bxc5 8. Nbd2 O-O 9. Be2 a5 10. O-O f5 11. g3 Be6 12. a4 Qf6 13. Bb5 Rfd8 14. Rc1 Rac8 15. Qe2 Bb6 16. Rfd1 Ne7 17. Nh4 Ng6 18. Ng2 h6 19. Qh5 Qg5 20. Qxg5 hxg5 21. Nf3 f6 22. h4 g4 23. Nd2 Ne7 24. Ne1 Kf7 25. Ng2 Rc7 26. Nf1 Rdc8 27. Rd2 Ng6 28.
Rcd1 Ne7 29. Rd3 Rc5 30. R3d2 Ba7 31. Re2 R8c7 32. Nd2 Bb6 33. Nb3 Rxb5 34. axb5 d4 35. Nc1 Bc4 36. Red2 dxc3 37. bxc3 Bxb5 38. Nd3 Rxc3 39.
Nxe5+ fxe5 40. Rb2 Ba4 41. Ra1 Bb3 42. Ra3 a4 43. h5 Bc5 44. Ra1 a3 45. Rbb1 a2 46. Rb2 b5 47. Nh4 f4 48. exf4 exf4 49. Kh2 Kg7 50.
gxf4 Bxf2 51. Kg2 Bxh4 52. f5 Bf6 53. Kh2 Be5+ 54. Kg2 Rg3+ 55. Kf2 Rf3+ 56. Ke2 Bxb2 57. Kd2 Bxa1 58. Ke2 Bc3 59. h6+ Kh7 60. f6 Bc4+ 61. Kd1 Bd3 62. f7 a1=Q# 0-1

[Event "Early-Titled-Tuesday-Blitz-June-18-2024"]
[Site "Chess.com"]
[Date "2024.06.18"]
[Round "3"]
[White "PLAYER_2006_M"]
[Black "arctic_t00"]
[Result "1-0"]
[WhiteElo "2955"]
[BlackElo "2728"]
[TimeControl "180+1"]
[EndTime "8:30:24 PDT"]
[Termination "PLAYER_2006_M won by resignation"]

1. e4 e6 2. d4 d5 3. Nc3 Nf6 4. e5 Nfd7 5. f4 c5 6. Nf3 Nc6 7. Be3 Be7 8. a3 O-O 9. Bd3 b6 10. h4 f5 11. exf6 Nxf6 12. Qd2 Bd7 13. O-O-O c4 14.
Be2 b5 15. g4 b4 16. axb4 Bxb4 17. Ng5 Rb8 18. Qe1 Qa5 19. Kd2 h6 20. Ra1 Qb6 21.
Bf3 Nxd4 22. Qg1 Bc5 23. Bd1 Qxb2 24. Bxd4 Bxd4 25. Qxd4 Qxa1 26. Bf3 Qa5 27. Nh3 Rb2 28. g5 Ba4 29. Rc1 hxg5 30. hxg5 Ne4+ 31. Bxe4 dxe4 32. Qxc4 Qf5 33. Nxa4 Rbb8 34. Qc3 Rfd8+ 35. Ke1 Qg4 36. Qe3 Rb4 37. Nc3 Rbd4 38. Ne2 Rd2 39. Nhg1 a5 40. Qxd2 Rxd2 41. Kxd2 e5 42. Ke3 exf4+ 43. Nxf4 Qg3+ 44. Kxe4 a4 45. Nf3 Qf2 46. c4 Qb2 47. Nd3 Qb3 48. c5 a3 49. Nd4 Qa4 50. c6 a2 51. c7 Qa8+ 52. Ke3 Qc8 53. g6 Kf8 54. Nf4 Qxc7 55. Nfe6+ Ke7 56. Rxc7+ 1-0

[Event "Early-Titled-Tuesday-Blitz-June-18-2024"]
[Site "Chess.com"]
[Date "2024.06.18"]
[Round "3"]
[White "twofoxniel"]
[Black "DominguezOnYoutube"]
[Result "0-1"]
[WhiteElo "2694"]
[BlackElo "2909"]
[TimeControl "180+1"]
[EndTime "8:30:24 PDT"]
[Termination "DominguezOnYoutube won by resignation"]

1. e4 c5 2. c3 Nf6 3. e5 Nd5 4. d4 cxd4 5. cxd4 d6 6. Nf3 dxe5 7. Nxe5 Nc6 8. Bc4 e6 9. Bb5 Qa5+ 10. Nc3 Nxc3 11. Bxc6+ bxc6 12. bxc3 Qxc3+ 13. Bd2 Qxd4 14. Nf3 Qe4+ 15. Kf1 Be7 16. Kg1 O-O 17. Bc3 Rd8 18.
Qc1 c5 19. h4 Bb7 20. Rh3 f6 21. Rg3 Kh8 22. Qb2 Rab8 23. Re1 Qf5 24. Qa3 Bd6 25.
Rh3 a6 26. h5 h6 27. Ba5 Rd7 28. Qa4 Re7 29. Nh4 Qxh5 30. Qc2 f5 31. Bc3 Kh7 32.
Nf3 Qg6 33. Qd2 Rd8 34. Ng5+ Kg8 35. Qe3 Qxg5 36. Qxg5 hxg5 37. Rhe3 Kf7 38. f3 c4 39.
R3e2 Bd5 40. Kf1 Rb7 41. Rd2 Rdb8 42. Ke2 Rb1 43. Rxb1 Rxb1 44. Bd4 g4 45. fxg4 fxg4 46. Ke3 Kg6 47. Bc3 Rf1 48. Bd4 Bf4+ 49. Ke2 Bxd2 50. Kxf1 c3 51. Ke2 Bc4+ 52. Kd1 Bxa2 53. Kc2 Bd5 54.
Bxc3 Bxc3 55. Kxc3 Bxg2 0-1

[Event "Early-Titled-Tuesday-Blitz-June-18-2024"]
[Site "Chess.com"]
[Date "2024.06.18"]
[Round "3"]
[White "bubeliang"]
[Black "KevinGeorgeMicheal"]
[Result "1-0"]
[WhiteElo "2805"]
[BlackElo "2503"]
[TimeControl "180+1"]
[EndTime "8:30:26 PDT"]
[Termination "bubeliang won on time"]

1. e4 e5 2. Nf3 Nc6 3. Bc4 Nf6 4. d3 Bc5 5. c3 d6 6. O-O O-O 7. Re1 h6 8. Nbd2 Be6 9. Bb3 Qd7 10.
Nf1 Rae8 11. Bc2 d5 12. Be3 Bxe3 13. Nxe3 d4 14. Nf1 Bg4 15. h3 Bh5 16. Ng3 Bg6 17. Nh4 Bh7 18. Nhf5 Ne7 19. Qf3 Nxf5 20. exf5 c5 21. Bb3 Re7 22. Re2 Rfe8 23. Rae1 b5 24.
a4 a6 25. axb5 axb5 26. Ra1 Qc7 27. Ra6 Rc8 28. Rxf6 gxf6 29. Nh5 Kh8 30. Nxf6 c4 31. Nd5 Qb7 32. Nxe7 Qxe7 33. Bc2 Qf6 34. Qg3 Re8 35.
cxd4 Bxf5 36. dxe5 Qg6 37. Qxg6 Bxg6 38. dxc4 Bxc2 39. Rxc2 bxc4 40. Rxc4 Rxe5 41. b4 Kg7 42. f3 Re2 43. Rc7 Kf6 44. Rb7 Rb2 45. Kh2 h5 46. h4 Kg6 47. Kg3 Kf6 48. b5 Kg6 49. b6 Kf6 50. Rb8 Ke6 51. Kf4 Rb4+ 52. Kg5 Rb5+ 53. Kf4 Rb2 54. g4 Rb4+ 55. Kg3 hxg4 56. fxg4 Rb3+ 57.
Kf2 Kf6 58. g5+ Kf5 59. b7 Kg4 60. h5 1-0

[Event "Early-Titled-Tuesday-Blitz-June-18-2024"]
[Site "Chess.com"]
[Date "2024.06.18"]
[Round "3"]
[White "TimGrutter03"]
[Black "laskakid"]
[Result "0-1"]
[WhiteElo "2603"]
[BlackElo "2387"]
[TimeControl "180+1"]
[EndTime "8:30:26 PDT"]
[Termination "laskakid won by checkmate"]

1. e4 d6 2. d4 Nf6 3. f3 e5 4. Be3 exd4 5. Bxd4 Nc6 6. Bc3 Be7 7.
Bc4 O-O 8. Ne2 Be6 9. Bxe6 fxe6 10.
Nd2 d5 11. exd5 exd5 12. Nb3 a5 13. Nbd4 Nxd4 14. Nxd4 Qd7 15. Qe2 c5 16. Qe6+ Qxe6+ 17. Nxe6 Rfc8 18. O-O-O d4 19. Bd2 h6 20. Rhe1 Kf7 21.
Nf4 c4 22. Ng6 Bb4 23. Bxb4 axb4 24. Rxd4 Kxg6 25. Kb1 Ra5 26. b3 Rd5 27. Rxc4 Rxc4 28. bxc4 Rd7 29. Kb2 Rd2 30. Re7 Rxg2 31. Rxb7 Rxh2 32.
Rxb4 Rh5 33. a4 Rc5 34. Kb3 h5 35. Rb5 Rc6 36. c5 h4 37. Kc4 Nd7 38. a5 h3 39. Rb1 Rxc5+ 40. Kb4 h2 41. Rh1 Rh5 42. a6 Nb6 43. a7 Kf6 44. c4 Ke6 45. c5 Na8 46.
Kb5 Kd7 47. Ka6 Kc7 48. c6 Kxc6 49. Rc1+ Kd7 50. Kb7 h1=Q 51. Rxh1 Rxh1 52. Kxa8 Rb1 53. f4 Kc7 54. f5 Rd1 55. f6 Rd8# 0-1

[Event "Early-Titled-Tuesday-Blitz-June-18-2024"]
[Site "Chess.com"]
[Date "2024.06.18"]
[Round "3"]
[White "Sofia_Blokhin"]
[Black "ketster"]
[Result "0-1"]
[WhiteElo "2308"]
[BlackElo "2571"]
[TimeControl "180+1"]
[EndTime "8:30:26 PDT"]
[Termination "ketster won on time"]

1. d4 d5 2. c4 e5 3. dxe5 Ne7 4. e3 Nbc6 5. f4 Be6 6. Nc3 dxc4 7. Qxd8+ Rxd8 8. Nf3 Nb4 9. Kf2 f6 10. exf6 gxf6 11.
Nd4 Bf7 12. a3 Nbc6 13. Nf3 a6 14. e4 Ng6 15. Be3 Bd6 16. g3 O-O 17. h4 h5 18.
Be2 Rfe8 19. Rad1 b5 20. Nd4 Nge7 21. Bf3 Na5 22. g4 c5 23. Nf5 Nxf5 24. gxf5 Nb3 25. Nd5 Bxd5 26. Rxd5 Nd4 27. Bxh5 Rxe4 28. Rg1+ Kh8 29.
Rg6 Be7 30. Rh6+ Kg7 31. Rg6+ Kh7 32. Rxd8 Bxd8 33. Rg3 Bc7 34. Bg6+ Kh6 35. Bf7 Bxf4 36. Rg6+ Kh7 37. Bxf4 Rxf4+ 38. Ke3 Rxf5 39. Rg1 Rf3+ 40. Ke4 Rf2 41. Bg6+ Kh8 42. Bf7 Rxb2 43. Rg8+ Kh7 44. Rg1 Re2+ 45. Kd5 c3 46. Bg6+ Kh6 47. Bd3 Rd2 48.
Rg6+ Kh5 49. Ke4 Rxd3 50. Kxd3 Kxg6 0-1

[Event "Early-Titled-Tuesday-Blitz-June-18-2024"]
[Site "Chess.com"]
[Date "2024.06.18"]
[Round "3"]
[White "Pingah9"]
[Black "BestestBP"]
[Result "0-1"]
[WhiteElo "2483"]
[BlackElo "2273"]
[TimeControl "180+1"]
[EndTime "8:30:27 PDT"]
[Termination "BestestBP won by checkmate"]

1. e4 e5 2. Nf3 Nc6 3. Bb5 a6 4. Ba4 Nf6 5. O-O Be7 6. Re1 b5 7. Bb3 d6 8. c3 Na5 9. Bc2 c5 10. h3 g5 11. d4 g4 12. dxe5 dxe5 13. Qxd8+ Bxd8 14. hxg4 Nxg4 15. Nbd2 h5 16. Nb3 Nxb3 17. axb3 h4 18. Bd3 Bb7 19. Ng5 Bb6 20. Be2 Nf6 21.
Bf3 Ke7 22. Be3 Rag8 23. Kh2 Bc8 24. Nh3 Ng4+ 25. Bxg4 Rxg4 26. f3 Rg6 27. b4 Rhg8 28.
Re2 cxb4 29. Bxb6 Rxb6 30. cxb4 Be6 31. Nf2 Bc4 32. Rd2 Rbg6 33. Ng4 f6 34. Ne3 Rc8 35. Nf5+ Kf8 36. Rad1 Be6 37. Nxh4 Rh6 38. Kg3 Ke7 39.
Nf5+ Bxf5 40. exf5 Rc7 41. Rd6 Rh5 42. Re6+ Kf7 43.
Rxa6 Rg5+ 44. Kh3 Rxf5 45. Rd8 Rh5+ 46. Kg3 Rg5+ 47. Kh3 Rh5+ 48. Kg3 Rg5+ 49. Kf2 Rc2+ 50. Ke3 Rgxg2 51. Ra7+ Ke6 52. Re8+ Kf5 53. Kd3 Rgd2+ 54. Ke3 Re2+ 55. Kd3 Kf4 56. Rf8 Red2# 0-1

[Event "Early-Titled-Tuesday-Blitz-June-18-2024"]
[Site "Chess.com"]
[Date "2024.06.18"]
[Round "3"]
[White "Zhigalko_Sergei"]
[Black "zimmm36"]
[Result "0-1"]
[WhiteElo "2994"]
[BlackElo "2784"]
[TimeControl "180+1"]
[EndTime "8:30:28 PDT"]
[Termination "zimmm36 won by resignation"]

1. e4 c5 2. c3 Nc6 3. d4 d5 4. exd5 Qxd5 5. Nf3 Bf5 6. Be3 cxd4 7. Nxd4 Nf6 8. Nd2 Nxd4 9. Bxd4 e5 10. Qe2 Bd6 11. Be3 O-O 12. Qc4 Rfc8 13. Qb3 Be6 14. h3 Qc6 15. Qc2 Nd5 16. Bd3 g6 17. O-O Nxe3 18.
fxe3 f5 19. e4 f4 20. Nf3 Kg7 21. Rfd1 Rd8 22. Qe2 a6 23. Bc2 Qb6+ 24. Kh2 Rac8 25. Bb3 Bxb3 26. axb3 Qxb3 27. Rd5 Bc7 28. Rad1 Rxd5 29.
Rxd5 Rd8 30. Rxd8 Bxd8 31. Nxe5 Bc7 32. Nf3 Kh6 33. Qd2 Qe6 34. Qd4 Bb6 35. Qd3 Be3 36.
e5 Qa2 37. Qd8 Qe6 38. Qh4+ Kg7 39. Qxh7+ Kxh7 40. Ng5+ Kg8 41. Nxe6 Kf7 42. Ng5+ Ke7 43. b3 Bc1 44. c4 a5 45. g3 fxg3+ 46. Kxg3 Bxg5 47.
Kg4 Bc1 48. Kf3 Ke6 49. Ke4 Bb2 50. h4 Bxe5 51. c5 Bc7 52. Kd3 Bd8 53. h5 gxh5 54.
c6 bxc6 55. b4 axb4 56. Kc4 h4 57. Kb3 h3 58. Ka4 h2 59. Kb3 h1=Q 0-1